 Dungeon Crawl Stone Soup version 0.27-a0-1188-g73eefd5def (webtiles) character file.

Game seed: 17258432375280284097

2037948 leviel the Minotaur Barricade (level 27, 273/273 HPs)
             Began as a Minotaur Fighter on May 21, 2021.
             Was the Champion of Okawaru.
             Escaped with the Orb
             ... and 3 runes!
             The game lasted 02:51:48 (49164 turns).

leviel the Minotaur Barricade (Minotaur Fighter)   Turns: 49164, Time: 02:51:48

Health: 273/273    AC: 42    Str: 43    XL:     27
Magic:  29/29      EV: 13    Int:  8    God:    Okawaru [******]
Gold:   5157       SH: 40    Dex:  9    Spells: 26/26 levels left

rFire    + + +     SeeInvis +   R - +10 broad axe "Hoitwuim" {vamp, rElec rF++ Str+2 Dex-3}
rCold    + . .     Faith    .   J - +5 tower shield {reflect}
rNeg     + + .     Spirit   .   a - +9 scales of the Dragon King {rPois rF+ rC+ Will+}
rPois    +         Reflect  +   Q - +2 hat of the Circus Animal {Will+ Int+3}
rElec    +         Harm     .   S - scarf {rC+ rF+}
rCorr    .         Rampage  .   H - +4 pair of gloves of Okawaru's Esteem {+Inv Str+4}
Will     +++++                  k - +1 pair of boots of Owkuwon {Regen+ Dex+3}
Stlth    ..........             G - amulet of Discord {Reflect +Blink rC- rN++ SH+5 SInv}
HPRegen  1.55/turn              b - +4 ring of slaying
MPRegen  0.21/turn              W - ring of Oenomania {rElec Will+ Str+6}

@: no status effects
A: horns 2, retaliatory headbutt, clumsy 2, deterioration 1, screaming 1
0: Orb of Zot
}: 3/15 runes: barnacled, silver, gossamer
a: Renounce Religion, Evoke Blink, Evoke Invisibility, Heroism, Finesse


You escaped.
You worshipped Okawaru.
Okawaru was exalted by your worship.
You visited 10 branches of the dungeon, and saw 50 of its levels.
You visited 1 ziggurat, and saw 1 of its levels.
You also visited: Trove and Bailey.

You collected 8304 gold pieces.
You spent 3147 gold pieces at shops.

Inventory:

Hand Weapons
 K - the +8 broad axe "Koariz" {vamp, rElec Int+6}
   (Okawaru gifted it to you on level 13 of the Dungeon)

   It inflicts no extra harm, but heals its wielder when it wounds a living foe.
   It affects your intelligence (+6).
   It insulates you from electricity.
 R - the +10 broad axe "Hoitwuim" (weapon) {vamp, rElec rF++ Str+2 Dex-3}
   (You took it off a draconian knight on level 2 of the Realm of Zot)

   It inflicts no extra harm, but heals its wielder when it wounds a living foe.
   It affects your strength (+2).
   It affects your dexterity (-3).
   It greatly protects you from fire.
   It insulates you from electricity.
 Y - a +6 eudemon blade of holy wrath
Missiles
 l - 35 silver javelins (quivered)
 p - 7 curare-tipped darts
 x - 113 javelins
 X - 8 boomerangs of dispersal
Armour
 a - the +9 scales of the Dragon King (worn) {rPois rF+ rC+ Will+}
   (You found it on level 2 of the Realm of Zot)

   It protects you from fire.
   It protects you from cold.
   It protects you from poison.
   It increases your willpower.
 k - the +1 pair of boots of Owkuwon (worn) {Regen+ Dex+3}
   (Okawaru gifted it to you on level 4 of the Spider Nest)

   It affects your dexterity (+3).
   It increases your rate of health regeneration.
 H - the +4 pair of gloves of Okawaru's Esteem (worn) {+Inv Str+4}
   (Okawaru gifted it to you on level 4 of the Spider Nest)

   It affects your strength (+4).
   It lets you turn invisible.
 J - a +5 tower shield of reflection (worn)
 Q - the +2 hat of the Circus Animal (worn) {Will+ Int+3}
   (Okawaru gifted it to you on level 1 of the Orcish Mines)

   It affects your intelligence (+3).
   It increases your willpower.
 S - a scarf of resistance (worn)
Jewellery
 b - a +4 ring of slaying (left hand)
 s - a ring of flight
 G - the amulet of Discord (around neck) {Reflect +Blink rC- rN++ SH+5 SInv}
   (You found it on level 11 of the Dungeon)

   [amulet of reflection]

   It reflects blocked missile attacks.
   It makes you vulnerable to cold.
   It greatly protects you from negative energy.
   It lets you see invisible.
   It lets you blink.
   It affects your SH (+5).
 W - the ring of Oenomania (right hand) {rElec Will+ Str+6}
   (You found it on level 3 of the Crypt)

   [ring of strength]

   It affects your strength (+6).
   It insulates you from electricity.
   It increases your willpower.
Wands
 f - a wand of acid (72)
 i - a wand of flame (57)
 u - a wand of paralysis (43)
 M - a wand of digging (22)
 N - a wand of iceblast (61)
 T - a wand of charming (6)
 V - a wand of mindburst (33)
Scrolls
 j - 6 scrolls of noise
 m - 12 scrolls of fear
 q - 4 scrolls of magic mapping
 w - 17 scrolls of teleportation
 y - 8 scrolls of fog
 A - 3 scrolls of blinking
 B - 5 scrolls of silence
 D - 18 scrolls of identify {@r1}
 I - 3 scrolls of holy word
 P - 6 scrolls of immolation
Potions
 d - 21 potions of curing
 e - 2 potions of heal wounds
 g - 2 potions of magic
 r - 9 potions of mutation
 t - 7 potions of haste
 v - a potion of cancellation
 z - 6 potions of might
 C - 4 potions of berserk rage
 E - 7 potions of invisibility
 L - 7 potions of ambrosia
 U - 2 potions of resistance
Miscellaneous
 c - a phantom mirror
 n - a piece from Xom's chessboard (15/15)


   Skills:
 O Level 27 Fighting
 - Level 18.0 Axes
 - Level 16.0 Throwing
 + Level 19.0 Armour
 + Level 17.9 Dodging
 O Level 27 Shields
 - Level 10.0 Invocations
 - Level 15.0 Evocations


You had 26 spell levels left.
You didn't know any spells.
Your spell library contained the following spells:

 Spells                   Type           Power      Damage    Failure   Level
 Animate Skeleton         Necr           0%         N/A       94%         1
 Apportation              Tloc           0%         N/A       94%         1
 Beastly Appendage        Tmut           0%         N/A       94%         1
 Corona                   Hex            0%         N/A       94%         1
 Foxfire                  Conj/Fire      0%         2x1d4     94%         1
 Freeze                   Ice            0%         1d3       94%         1
 Magic Dart               Conj           0%         1d3       94%         1
 Sandblast                Erth           0%         2d4       94%         1
 Summon Small Mammal      Summ           0%         N/A       94%         1
 Blink                    Tloc           N/A        N/A       98%         2
 Call Imp                 Summ           0%         N/A       98%         2
 Ensorcelled Hibernation  Hex/Ice        0%         N/A       98%         2
 Passwall                 Tmut/Erth      0%         N/A       98%         2
 Poisonous Vapours        Pois/Air       0%         N/A       98%         2
 Searing Ray              Conj           0%         3d3       98%         2
 Slow                     Hex            0%         N/A       98%         2
 Wereblood                Tmut           0%         N/A       98%         2
 Call Canine Familiar     Summ           0%         N/A       100%        3
 Confusing Touch          Hex            0%         N/A       100%        3
 Conjure Flame            Conj/Fire      0%         6-21      100%        3
 Dazzling Flash           Conj/Hex       0%         N/A       100%        3
 Frozen Ramparts          Ice            0%         1d2       100%        3
 Gell's Gravitas          Tloc           0%         N/A       100%        3
 Ignite Poison            Fire/Tmut/Pois 0%         N/A       100%        3
 Inner Flame              Hex/Fire       0%         N/A       100%        3
 Mephitic Cloud           Conj/Pois/Air  0%         N/A       100%        3
 Ozocubu's Armour         Ice            0%         N/A       100%        3
 Portal Projectile        Hex/Tloc       0%         N/A       100%        3
 Spider Form              Tmut/Pois      0%         N/A       100%        3
 Summon Guardian Golem    Hex/Summ       0%         N/A       100%        3
 Swiftness                Air            0%         N/A       100%        3
 Animate Armour           Summ/Erth      0%         N/A       100%        4
 Animate Dead             Necr           0%         N/A       100%        4
 Cause Fear               Hex            0%         N/A       100%        4
 Fulminant Prism          Conj/Hex       0%         3d6       100%        4
 Hailstorm                Conj/Ice       0%         3d3       100%        4
 Ice Form                 Ice/Tmut       0%         N/A       100%        4
 Iskenderun's Mystic Bla  Conj/Tloc      0%         2d3       100%        4
 Leda's Liquefaction      Hex/Erth       0%         N/A       100%        4
 Passage of Golubria      Tloc           N/A        N/A       100%        4
 Petrify                  Tmut/Erth      0%         N/A       100%        4
 Sticky Flame             Conj/Fire      0%         2d3       100%        4
 Summon Ice Beast         Ice/Summ       0%         N/A       100%        4
 Summon Lightning Spire   Summ/Air       0%         N/A       100%        4
 Bolt of Magma            Conj/Fire/Erth 0%         4d4       100%        5
 Borgnjor's Vile Clutch   Necr/Erth      0%         N/A       100%        5
 Fireball                 Conj/Fire      0%         3d3       100%        5
 Hydra Form               Tmut           0%         N/A       100%        5
 Irradiate                Conj/Tmut      0%         3d13      100%        5
 Lee's Rapid Deconstruct  Erth           0%         3d5*      100%        5
 Lightning Bolt           Conj/Air       0%         1d11      100%        5
 Metabolic Englaciation   Hex/Ice        0%         N/A       100%        5
 Silence                  Hex/Air        0%         N/A       100%        5
 Summon Forest            Summ/Tloc      0%         N/A       100%        5
 Summon Mana Viper        Hex/Summ       0%         N/A       100%        5
 Yara's Violent Unravell  Hex/Tmut       0%         3d3       100%        5
 Blade Hands              Tmut           0%         N/A       100%        6
 Death Channel            Necr           0%         N/A       100%        6
 Freezing Cloud           Conj/Ice/Air   0%         6-21      100%        6
 Invisibility             Hex            0%         N/A       100%        6
 Iron Shot                Conj/Erth      0%         9d1       100%        6
 Shadow Creatures         Summ           N/A        N/A       100%        6
 Simulacrum               Ice/Necr       0%         N/A       100%        6
 Starburst                Conj/Fire      0%         8x6d3     100%        6
 Statue Form              Tmut/Erth      0%         N/A       100%        6
 Dragon Form              Tmut           0%         N/A       100%        7
 Haunt                    Necr/Summ      0%         N/A       100%        7
 Malign Gateway           Summ/Tloc      0%         N/A       100%        7
 Monstrous Menagerie      Summ           0%         N/A       100%        7
 Ozocubu's Refrigeration  Ice            0%         4d5       100%        7
 Summon Hydra             Summ           0%         N/A       100%        7
 Ignition                 Fire           0%         3d3       100%        8
 Summon Horrible Things   Summ           0%         N/A       100%        8
 Shatter                  Erth           0%         3d5*      100%        9


Dungeon Overview and Level Annotations

Branches:
Dungeon (15/15)            Temple (0/1) D:6            Lair (6/6) D:10
 Shoals (4/4) Lair:3       Spider (4/4) Lair:3        Slime (0/5) Lair:6
    Orc (2/2) D:10            Elf (1/3) Orc:2        Vaults (5/5) D:14
  Crypt (3/3) Vaults:3       Tomb (0/3) Crypt:3      Depths (5/5) D:15
    Zot (5/5) Depths:5     Bailey (visited)

Altars:
Cheibriados
Dithmenos
Elyvilon
Fedhas
Kikubaaqudgha
Makhleb
Nemelex Xobeh
Okawaru
Ru
Sif Muna
Uskayaw
Vehumet
Wu Jian
Xom
Yredelemnul
Zin
The Shining One
Jiyva

Shops:
D:1 ?*?   D:9 [   Orc:2 [?[?   Shoals:3 ?   Shoals:4 (**=?   Depths:4 ?

Portals:
Hell: Depths:1 Depths:2 Depths:3 Depths:4
Abyss: Depths:3 Depths:4
Pandemonium: Depths:3

Annotations:
Vaults:2 3 runed translucent doors, mantisjm's ghost, veteran HOFi


Innate Abilities, Weirdness & Mutations

You have a pair of horns on your head.
You reflexively headbutt those who attack you in melee.
You are very clumsy. (Dex -4)
Your body sometimes deteriorates upon taking damage.
You occasionally shout uncontrollably at your foes.


Message History

You slice the golden eye!!
You kill the golden eye!
Okawaru accepts your kill.
Your life force feels restored.
There is a stone staircase leading up here.
You climb upwards.
There is a stone staircase leading down here.
(D) Dungeon (T) Temple (L) Lair (A) Shoals (N) Spider Nest (M) Slime Pits (O) Orcish Mines (E) Elven Halls (V) Vaults (C) Crypt (W) Tomb (U) Depths (H) Hell (Z) Zot
Where to? (Enter - D:7, ? - help) HP restored.
There is a stone staircase leading up here.
You climb upwards.
There is a stone staircase leading down here.
(D) Dungeon (T) Temple (L) Lair (A) Shoals (N) Spider Nest (M) Slime Pits (O) Orcish Mines (E) Elven Halls (V) Vaults (C) Crypt (W) Tomb (U) Depths (H) Hell (Z) Zot
Where to? (Enter - D:2, ? - help)
There is a stone staircase leading up here.
You climb upwards.
There is a stone staircase leading down here.
(D) Dungeon (T) Temple (L) Lair (A) Shoals (N) Spider Nest (M) Slime Pits (O) Orcish Mines (E) Elven Halls (V) Vaults (C) Crypt (W) Tomb (U) Depths (H) Hell (Z) Zot
Where to? (Enter - D:1, ? - help)
Okay, then.
Unknown command.
You see here a +0 robe.
You see here a +0 short sword.
Why would you want to do that?
You see here a +0 robe.
There is an open door here.
A Brimstone Fiend comes into view.
There is a fountain of clear blue water here.
There is a staircase leading out of the dungeon here.
You have escaped!

##.#########
#..........#
####..####.####
###########..........##
)...............####..#
#####...######.[......#
#........##≈≈≈#'..#
#.#......#..1..#..#
#.#......≈..@..≈..#
#.#......≈..⌠..≈..#
#.#....§.#.....#..#
#.###≈§≈###≈≈≈###.#
#..#.§...#(.....#.#
#..≈..⌠..≈..(...#.#
#..≈§...§≈......#.#
#.§#.....#......#.#
#..+#≈≈≈##........#


You could see a Brimstone Fiend.

Vanquished Creatures
  3 ancient liches
  3 dread liches
  2 orbs of fire (Zot:5)
  Mara (Vaults:4)
  Mennas (Depths:4)
  A royal mummy (Depths:4)
  5 Killer Klowns (Zot:5)
  Bai Suzhen (Shoals:4)
  Xtahua (Crypt:1)
  4 curse toes (Zot:2)
  Margery (Crypt:1)
  A profane servitor (Crypt:3)
  Jory (Vaults:2)
  7 golden dragons
  3 pandemonium lords
  Nikola (Spider:4)
  3 bone dragons
  2 electric golems
  Rupert (D:14)
  7 tentacled monstrosities
  2 liches
  23 Orb Guardians
  The ghost of xzight the Executioner, an adept MiBe of Trog (Shoals:1)
  6 titans
  Asterion (Vaults:1)
  6 quicksilver dragons
  A kraken (Shoals:1)
  A deep elf blademaster (Depths:2)
  2 ancient champions
  An Executioner (Depths:4)
  Gastronok (Orc:1)
  Polyphemus (Shoals:2)
  3 death cobs
  8 sphinxes
  2 tengu reavers
  7 storm dragons
  Donald (Vaults:4)
  11 shadow dragons
  Roxanne (Shoals:1)
  The ghost of Xiat Xai the Lord of Darkness, a journeyman DrFE of Kikubaaqudgha (D:13)
  2 draconian monks
  Ilsuiw (Shoals:2)
  3 revenants
  7 ghost moths
  8 fire giants
  19 vault wardens
  2 orc warlords
  9 frost giants
  Louise (Spider:2)
  2 deep elf sorcerers (Depths:2)
  An iron dragon (Depths:1)
  2 draconian knights
  Aizul (Vaults:3)
  3 draconian scorchers (Zot:2)
  A cacodemon (Zot:3)
  4 ghouls
  5 spectral caustic shrikes (Depths:4)
  A draconian stormcaller (Zot:5)
  3 draconian annihilators
  A juggernaut zombie (Depths:2)
  8 emperor scorpions
  A curse skull (Crypt:1)
  The ghost of Qoqufel the Bludgeoner, a journeyman GrFi of Okawaru (Spider:2)
  4 war gargoyles
  A draconian shifter (Zot:1)
  2 blood saints (D:15)
  6 vampire knights
  25 very ugly things
  2 spriggan defenders (Depths:3)
  A reaper (Depths:1)
  18 ironbound preservers
  7 stone giants
  8 black draconians
  9 green draconians
  4 white draconians
  A deep elf demonologist (Vaults:5)
  7 entropy weavers
  Azrael (D:15)
  6 dire elephants
  2 purple draconians (Zot:2)
  5 yellow draconians
  4 spark wasps (Depths:4)
  4 red draconians
  3 deep elf death magi
  A green death (Depths:1)
  11 merfolk impalers
  5 merfolk javelineers
  The ghost of Admiral the Fighter, a journeyman FoFi of Hepliaklqana (D:12)
  12 ettins
  3 crystal guardians
  7 fire dragons
  2 mummy priests (Depths:4)
  Josephine (D:15)
  A quicksilver dragon skeleton (Crypt:1)
  3 deep elf high priests (Vaults:5)
  2 fire dragons (shapeshifter)
  13 yaktaur captains
  12 jiangshi
  10 ironbound thunderhulks
  4 ice dragons
  38 vault guards
  11 great orbs of eyes
  A hell beast (Depths:2)
  10 boulder beetles
  8 hydras
  A hydra (shapeshifter) (Depths:2)
  2 rakshasas (Depths:2)
  2 death knights (Crypt:3)
  A catoblepas (Shoals:2)
  5 spriggan air magi
  4 peacekeepers
  An ogre mage (Vaults:5)
  6 ironbound frosthearts
  A merfolk aquamancer (Shoals:3)
  5 two-headed ogres
  An anaconda (shapeshifter) (Vaults:5)
  16 centaur warriors
  5 deep troll shamans
  3 merfolk avatars (Shoals:2)
  5 tengu warriors
  8 death yaks
  6 dancing weapons
  16 deep troll earth magi
  2 hell hogs (D:9)
  9 ironbound beastmasters
  5 vampire magi
  Urug (Lair:5)
  A soul eater (Depths:1)
  14 spriggan berserkers
  5 orc high priests (Orc:2)
  A titan skeleton (Depths:3)
  5 deep elf knights (Elf:1)
  15 hell knights
  2 sixfirhies (Zot:3)
  11 iron trolls
  27 skeletal warriors
  5 shadow wraiths
  A spectral ghost moth (Crypt:3)
  A goliath frog (Depths:1)
  11 sea snakes
  64 deep trolls
  An infernal demonspawn (Zot:3)
  6 glowing orange brains
  A spriggan druid (Depths:3)
  2 glowing orange brains (shapeshifter)
  3 bog bodies (Crypt:1)
  7 flayed ghosts
  An orange crystal statue (Zot:5)
  A spark wasp zombie (Depths:3)
  An obsidian statue (Zot:5)
  A swamp dragon (shapeshifter) (Vaults:4)
  13 orc knights
  10 lindwurms
  2 tengu zombies (Depths:3)
  5 large abominations
  26 harpies
  A wolf spider zombie (Crypt:1)
  16 orb spiders
  5 deep elf zephyrmancers
  10 phantasmal warriors
  13 necromancers
  14 wizards
  18 ironbound convokers
  3 deep elf pyromancers
  A wolf spider (shapeshifter) (Vaults:5)
  54 ugly things
  4 fauns (Shoals:2)
  A frost giant zombie (Depths:3)
  3 oklob plants
  18 moths of wrath
  27 wolf spiders
  An orc sorcerer (D:15)
  7 cyclopes
  16 manticores
  8 centaur zombies
  8 apocalypse crabs (Zot:2)
  Maurice (D:13)
  20 vault sentinels
  9 elephants
  9 merfolk sirens
  4 black mambas
  7 water nymphs
  3 gargoyles
  A fire giant skeleton (Crypt:3)
  A smoke demon (Depths:5)
  29 cane toads
  4 torpor snails
  An unseen horror (Depths:1)
  12 komodo dragons
  A tormentor (Zot:5)
  4 rime drakes
  A swamp worm zombie (Crypt:1)
  A komodo dragon (shapeshifter) (Vaults:5)
  9 tengu conjurers
  A death yak zombie (Crypt:1)
  11 demonic crawlers
  2 kobold demonologists
  31 yaktaurs
  5 guardian mummies
  A red devil (Zot:3)
  4 freezing wraiths
  2 ice devils (D:12)
  A hellwing (Zot:5)
  A merfolk (shapeshifter) (Depths:5)
  A hornet (shapeshifter) (Depths:2)
  6 trolls
  9 meliai
  A meliai (shapeshifter) (Vaults:5)
  A queen bee (Lair:5)
  14 hornets
  20 merfolk
  6 polar bears
  38 jumping spiders
  5 tyrant leeches (Lair:6)
  Grinder (D:5)
  A wind drake (shapeshifter) (Depths:2)
  4 wind drakes
  33 blink frogs
  A shadow dragon simulacrum (Depths:3)
  An iron dragon simulacrum (Depths:3)
  2 saltlings (Vaults:4)
  8 snapping turtles
  33 slime creatures
  7 dream sheep (Lair:5)
  2 air elementals (Elf:1)
  40 yaks
  A fire dragon skeleton (Crypt:1)
  51 flying skulls
  89 redbacks
  4 shadows (Crypt:3)
  Sigmund (D:2)
  26 spriggans
  A hog (shapeshifter) (Elf:1)
  8 basilisks
  12 wraiths
  14 water elementals
  35 tarantellas
  16 humans
  A neqoxec (Zot:5)
  5 wyverns
  4 steam dragons
  An elf skeleton (Depths:3)
  An elf simulacrum (Vaults:4)
  Grum (D:11)
  3 golden eyes (D:4)
  A basilisk (shapeshifter) (Depths:1)
  7 fire elementals
  2 chaos spawn
  3 small abominations
  16 vampire mosquitoes
  A wind drake skeleton (Crypt:1)
  3 wargs
  An acid dragon (shapeshifter) (Vaults:5)
  2 acid dragons
  17 water moccasins
  2 hell hounds (D:15)
  A two-headed ogre skeleton (Crypt:1)
  2 hornet zombies (D:7)
  An ice beast (Vaults:4)
  2 black bears
  A snapping turtle zombie (Crypt:3)
  6 ogres
  50 orc warriors
  2 sky beasts
  3 boggarts (Vaults:3)
  6 necrophages
  7 wolves
  30 centaurs
  2 phantoms
  3 kobold brigands
  2 gnoll sergeants
  A salamander skeleton (Crypt:1)
  A wyvern zombie (D:9)
  4 scorpions
  12 bullfrogs
  A troll zombie (Crypt:1)
  21 killer bees (Lair:5)
  2 wights (D:9)
  4 howler monkeys
  3 electric eels
  4 human zombies
  35 orc priests
  4 hounds
  2 human skeletons (Crypt:1)
  8 hell rats
  2 iguanas (Lair:2)
  20 orc wizards
  5 mummies
  4 howler monkey zombies (D:9)
  Robin (D:3)
  8 gnolls
  A swamp drake zombie (Crypt:1)
  2 adders
  2 white imps
  An ufetubus (Vaults:4)
  5 worms
  4 dart slugs
  103 orcs
  9 endoplasms
  4 giant cockroaches
  15 goblins
  8 hobgoblins
  2 jackals (D:4)
  20 kobolds
  6 quokkas
  A river rat zombie (Crypt:1)
  6 ball pythons
  6 bats
  5 frilled lizards
  4 rats
  3 bushes (Depths:3)
  11 fire vortices (Zig:1)
  2 tentacles (Shoals:1)
2286 creatures vanquished.

Vanquished Creatures (others)
  A vault guard (Vaults:5)
  A merfolk aquamancer (Shoals:4)
  A wolf spider (Spider:4)
  A large abomination (Zot:5)
  A smoke demon (Zot:5)
  A hornet (Spider:4)
  2 redbacks (Spider:4)
  A tarantella (Spider:4)
  22 bushes
  27 fungi
  116 plants
  14 tentacles (Shoals:1)
188 creatures vanquished.

Grand Total: 2474 creatures vanquished

Notes
Turn   | Place    | Note
-------+----------+-------------------------------------------
     0 | D:1      | leviel the Minotaur Fighter began the quest for the Orb.
     0 | D:1      | Reached XP level 1. HP: 19/19 MP: 0/0
   201 | D:1      | Found a faded altar of an unknown god.
   251 | D:1      | Reached XP level 2. HP: 26/27 MP: 1/1
   337 | D:1      | Found Igick's Assorted Antiques.
   353 | D:1      | Found Zeyrar's Magic Scroll Shop.
   588 | D:1      | Found Tosulyesy's Magic Scroll Boutique.
  1038 | D:2      | Noticed Sigmund
  1044 | D:2      | Killed Sigmund
  1045 | D:2      | Reached XP level 3. HP: 17/33 MP: 2/2
  1045 | D:2      | Reached XP level 4. HP: 20/40 MP: 3/3
  1045 | D:2      | Reached XP level 5. HP: 24/46 MP: 4/4
  2360 | D:3      | Found a radiant altar of Vehumet.
  2524 | D:3      | Noticed Robin
  2544 | D:3      | Killed Robin
  2973 | D:3      | Found a glowing golden altar of the Shining One.
  2977 | D:3      | Found a glowing silver altar of Zin.
  2998 | D:3      | Found a white marble altar of Elyvilon.
  3358 | D:4      | Reached XP level 6. HP: 52/52 MP: 5/5
  3645 | D:4      | Noticed a sky beast
  3651 | D:4      | Killed a sky beast
  3770 | D:5      | Entered Level 5 of the Dungeon
  3779 | D:5      | Noticed a water moccasin
  3787 | D:5      | Killed a water moccasin
  3788 | D:5      | Reached XP level 7. HP: 53/58 MP: 6/6
  4216 | D:5      | Reached skill level 10 in Axes
  4603 | D:5      | Found an iron altar of Okawaru.
  4611 | D:5      | Became a worshipper of Warmaster Okawaru
  4939 | D:5      | Noticed Grinder
  4945 | D:5      | Paralysed by Grinder for 6 turns
  4956 | D:5      | Killed Grinder
  4957 | D:5      | Reached XP level 8. HP: 36/66 MP: 7/7
  5103 | D:5      | Found a sparkling altar of Nemelex Xobeh.
  5103 | D:5      | Found a shimmering blue altar of Sif Muna.
  5188 | D:5      | Identified a scroll of acquirement
  5188 | D:5      | Acquired the +1 crystal plate armour of the Merchant {*Slow
                  | Regen+ Str+8}
  5361 | D:6      | Reached * piety under Okawaru
  5714 | D:6      | Found a staircase to the Ecumenical Temple.
  6242 | D:7      | Reached XP level 9. HP: 71/71 MP: 8/8
  6495 | D:7      | Found a sacrificial altar of Ru.
  6577 | D:7      | Found a large runed translucent door.
  6578 | D:7      | Found a large runed translucent door.
  6694 | D:7      | Found a shadowy altar of Dithmenos.
  6707 | D:7      | Found a shimmering altar of Xom.
  6798 | D:8      | Found a flagged portal.
  6804 | Bailey   | Entered a bailey
  6837 | Bailey   | Reached ** piety under Okawaru
  6907 | Bailey   | Reached skill level 15 in Axes
  7417 | Bailey   | Reached *** piety under Okawaru
  7578 | Bailey   | Reached XP level 10. HP: 57/78 MP: 9/9
  7807 | Bailey   | Reached XP level 11. HP: 83/83 MP: 10/10
  8528 | D:9      | Noticed a two-headed ogre
  8537 | D:9      | Killed a two-headed ogre
  8538 | D:9      | Reached skill level 5 in Fighting
  8636 | D:9      | Reached skill level 5 in Armour
  8697 | D:9      | Found a burning altar of Makhleb.
  8775 | D:9      | Found Luas Rask's Antique Armour Boutique.
  9022 | D:1      | Bought a square diamond amulet for 125 gold pieces
  9354 | D:7      | Found a snail-covered altar of Cheibriados.
  9771 | D:9      | Found a basalt altar of Yredelemnul.
  9927 | D:10     | Entered Level 10 of the Dungeon
  9963 | D:10     | Found a blossoming altar of Fedhas.
 10086 | D:10     | Reached **** piety under Okawaru
 10116 | D:10     | Found a staircase to the Orcish Mines.
 10302 | D:10     | Noticed an oklob plant
 10553 | D:11     | Noticed Grum
 10574 | D:11     | Killed Grum
 10611 | D:11     | Reached ***** piety under Okawaru
 10730 | D:11     | Reached skill level 10 in Fighting
 10730 | D:11     | Reached XP level 12. HP: 103/106 MP: 11/11
 10744 | D:11     | Identified the amulet of Discord {Reflect +Blink rC- rN++
                  | SH+5 SInv}
 10764 | D:11     | Noticed a two-headed ogre
 10775 | D:11     | Killed a two-headed ogre
 11373 | D:11     | Identified the +7 rapier of the Enemy {freeze, Str+2 SInv}
 11644 | D:12     | Noticed a boulder beetle
 11658 | D:12     | Killed a boulder beetle
 11873 | D:12     | Found a runed translucent door.
 11884 | D:12     | Identified the +8 trident of Qoexeg {venom, rElec rN+++
                  | Will- Stlth-}
 11884 | D:12     | Noticed Admiral's ghost (journeyman FoFi)
 12095 | D:12     | Identified the +6 hand axe of Spores {protect, *Rage rN+
                  | Will+} (Okawaru gifted it to you on level 12 of the
                  | Dungeon)
 12095 | D:12     | Received a gift from Okawaru
 12361 | D:12     | Killed Admiral's ghost
 12728 | D:13     | Reached ****** piety under Okawaru
 12764 | D:13     | Noticed Maurice
 12771 | D:13     | Killed Maurice
 12787 | D:13     | Noticed a centaur warrior
 12795 | D:13     | Noticed a boulder beetle
 12796 | D:13     | Killed a centaur warrior
 12796 | D:13     | Identified the +8 broad axe "Koariz" {vamp, rElec Int+6}
                  | (Okawaru gifted it to you on level 13 of the Dungeon)
 12796 | D:13     | Received a gift from Okawaru
 12836 | D:13     | Killed a boulder beetle
 12840 | D:13     | Noticed a centaur warrior
 12847 | D:13     | Killed a centaur warrior
 12889 | D:13     | Found a runed translucent door.
 12889 | D:13     | Noticed Xiat Xai's ghost (journeyman DrFE)
 13410 | D:13     | Killed Xiat Xai's ghost
 13411 | D:13     | Reached XP level 13. HP: 67/119 MP: 12/12
 13699 | D:14     | Reached skill level 10 in Armour
 13818 | Orc:1    | Entered Level 1 of the Orcish Mines
 13949 | Orc:1    | Identified the +2 hat of the Circus Animal {Will+ Int+3}
                  | (Okawaru gifted it to you on level 1 of the Orcish Mines)
 13949 | Orc:1    | Received a gift from Okawaru
 14121 | Orc:2    | Entered Level 2 of the Orcish Mines
 14231 | Orc:2    | Found a staircase to the Elven Halls.
 14348 | Orc:2    | Noticed an orc warlord
 14375 | Orc:2    | Killed an orc warlord
 14665 | Orc:2    | Found Jempefea's Magic Scroll Boutique.
 14665 | Orc:2    | Found Huid's Antique Armour Boutique.
 14666 | Orc:2    | Found Mewe's Magic Scroll Shop.
 14666 | Orc:2    | Found Juixtadorgh's Armour Boutique.
 15100 | Orc:1    | Noticed Gastronok
 15120 | Orc:1    | Killed Gastronok
 15120 | Orc:1    | Identified the +8 chain mail of Okawaru's Esteem {rElec}
                  | (Okawaru gifted it to you on level 1 of the Orcish Mines)
 15120 | Orc:1    | Received a gift from Okawaru
 15289 | D:10     | Found a staircase to the Lair.
 15324 | Lair:1   | Entered Level 1 of the Lair of Beasts
 15686 | D:1      | Bought a potion of experience for 1250 gold pieces
 15686 | D:1      | Bought a scroll labelled KIORRI EGYLA for 25 gold pieces
 15686 | D:1      | Bought a scroll labelled NIURCHE GORCHAT for 25 gold pieces
 15686 | D:1      | Bought a scroll labelled NESSIT RAIWE for 25 gold pieces
 15686 | D:1      | Reached skill level 5 in Invocations
 15686 | D:1      | Reached XP level 14. HP: 132/132 MP: 12/17
 16669 | Lair:2   | Reached XP level 15. HP: 138/138 MP: 18/18
 16719 | Lair:2   | Reached skill level 1 in Evocations
 18014 | Lair:3   | Reached skill level 15 in Shields
 18021 | Lair:3   | Found a staircase to the Shoals.
 18113 | Lair:3   | Found a hole to the Spider Nest.
 18614 | Lair:4   | Acquired 408 gold pieces
 18666 | Lair:4   | Found an ornate altar of the Wu Jian Council.
 18666 | Lair:4   | Found a hide-covered altar of Uskayaw.
 18934 | Lair:4   | Received a gift from Okawaru
 18935 | Lair:4   | Found the +15 Maxwell's patent armour {-Cast -Tele rElec
                  | Will+ rCorr}
 19799 | Lair:5   | Noticed Urug
 19812 | Lair:5   | Killed Urug
 19994 | Lair:6   | Entered Level 6 of the Lair of Beasts
 20026 | Lair:6   | Reached skill level 5 in Evocations
 20152 | Lair:6   | Received a gift from Okawaru
 20191 | Lair:6   | Reached XP level 16. HP: 146/146 MP: 21/21
 20691 | Lair:6   | Found a viscous altar of Jiyva.
 20692 | Lair:6   | Found a staircase to the Slime Pits.
 21372 | Spider:1 | Entered Level 1 of the Spider Nest
 21448 | Spider:1 | Reached skill level 10 in Evocations
 21746 | Spider:1 | Reached skill level 1 in Dodging
 21822 | Spider:1 | Identified the +10 executioner's axe of Insomnia {freeze,
                  | rF+ Str+3 Dex-5} (Okawaru gifted it to you on level 1 of
                  | the Spider Nest)
 21822 | Spider:1 | Received a gift from Okawaru
 22494 | Spider:2 | Noticed Louise
 22502 | Spider:2 | Killed Louise
 22503 | Spider:2 | Reached skill level 5 in Dodging
 22548 | Spider:2 | Identified the +8 war axe "Ziniq" {venom, rF+ Int+3}
 22619 | Spider:2 | Received a gift from Okawaru
 22790 | Spider:2 | Found a runed translucent door.
 22837 | Spider:2 | Found a shimmering altar of Xom.
 22837 | Spider:2 | Noticed Qoqufel's ghost (journeyman GrFi)
 22860 | Spider:2 | Killed Qoqufel's ghost
 23331 | Spider:3 | Reached skill level 10 in Dodging
 23495 | Spider:3 | Reached XP level 17. HP: 152/152 MP: 22/22
 24231 | Spider:4 | Entered Level 4 of the Spider Nest
 24297 | Spider:4 | Paralysed by a hornet for 2 turns
 24431 | Spider:4 | Identified the +4 pair of gloves of Okawaru's Esteem {+Inv
                  | Str+4} (Okawaru gifted it to you on level 4 of the Spider
                  | Nest)
 24431 | Spider:4 | Received a gift from Okawaru
 24559 | Spider:4 | Reached skill level 1 in Throwing
 24791 | Spider:4 | Noticed Nikola
 24810 | Spider:4 | Killed Nikola
 24811 | Spider:4 | Reached skill level 5 in Throwing
 25285 | Spider:4 | Identified the +1 pair of boots of Owkuwon {Regen+ Dex+3}
                  | (Okawaru gifted it to you on level 4 of the Spider Nest)
 25285 | Spider:4 | Received a gift from Okawaru
 25563 | Spider:4 | Got a gossamer rune of Zot
 25930 | Shoals:1 | Entered Level 1 of the Shoals
 26288 | Shoals:1 | Noticed a kraken
 26328 | Shoals:2 | Reached skill level 10 in Throwing
 26413 | Shoals:2 | Noticed Ilsuiw
 26438 | Shoals:2 | Reached XP level 18. HP: 154/160 MP: 16/23
 26455 | Shoals:2 | Killed Ilsuiw
 26505 | Shoals:2 | Noticed Polyphemus
 26521 | Shoals:2 | Killed Polyphemus
 26640 | Shoals:3 | Identified the +6 battleaxe of Virtue {vorpal, Int+3}
                  | (Okawaru gifted it to you on level 3 of the Shoals)
 26640 | Shoals:3 | Received a gift from Okawaru
 27225 | Shoals:3 | Found Paqu's Magic Scroll Shop.
 27229 | Shoals:3 | Bought a scroll of enchant armour for 135 gold pieces
 27229 | Shoals:3 | Bought a scroll of fear for 63 gold pieces
 27347 | Shoals:4 | Entered Level 4 of the Shoals
 27347 | Shoals:4 | Found Icus's General Store.
 27388 | Shoals:4 | Found Cetettof's Jewellery Shop.
 27391 | Shoals:4 | Found Kecheges's Magic Scroll Emporium.
 27423 | Shoals:4 | Bought a scroll of immolation for 59 gold pieces
 27423 | Shoals:4 | Bought a scroll of fog for 34 gold pieces
 27423 | Shoals:4 | Bought a scroll of fear for 59 gold pieces
 27423 | Shoals:4 | Bought a scroll of immolation for 59 gold pieces
 27553 | Shoals:4 | Noticed Bai Suzhen
 27573 | Shoals:4 | Killed Bai Suzhen
 27573 | Shoals:4 | Received a gift from Okawaru
 27754 | Shoals:4 | Found Ducweplo's Antique Weapon Shoppe.
 27756 | Shoals:4 | Found Xoeruer's Assorted Antiques.
 27785 | Shoals:4 | Bought a bound steel amulet for 190 gold pieces
 27785 | Shoals:4 | Identified the amulet "Muodud" {Spirit +Inv rPois Int+2}
                  | (You bought it in a shop on level 4 of the Shoals)
 27785 | Shoals:4 | Bought a slimy brass ring for 190 gold pieces
 27785 | Shoals:4 | Identified the ring "Uquckadd" {+Blink rElec rPois rC+
                  | Int+4} (You bought it in a shop on level 4 of the Shoals)
 27925 | Shoals:4 | Got a barnacled rune of Zot
 28431 | Shoals:2 | Received a gift from Okawaru
 29048 | Shoals:1 | Noticed Roxanne
 29049 | Shoals:1 | Found a runed translucent door.
 29050 | Shoals:1 | Found a shimmering altar of Xom.
 29050 | Shoals:1 | Noticed xzight's ghost (adept MiBe)
 29068 | Shoals:1 | Killed Roxanne
 29069 | Shoals:1 | Reached skill level 15 in Throwing
 29299 | Shoals:1 | Killed xzight's ghost
 29495 | Elf:1    | Entered Level 1 of the Elven Halls
 29587 | Elf:1    | Received a gift from Okawaru
 29775 | Elf:1    | Noticed an Ice Fiend
 29831 | Elf:1    | Received a gift from Okawaru
 29831 | Elf:1    | Noticed a Brimstone Fiend
 30000 | D:14     | Found a gate to the Vaults.
 30000 | D:14     | Noticed Rupert
 30006 | D:13     | Reached XP level 19. HP: 143/167 MP: 24/24
 30378 | D:14     | Found an iron altar of Okawaru.
 30426 | D:14     | Received a gift from Okawaru
 30513 | D:14     | Killed Rupert
 30808 | D:14     | Received a gift from Okawaru
 30809 | D:14     | Found the +6 shillelagh "Devastator" {shatter}
 30832 | D:15     | Entered Level 15 of the Dungeon
 30909 | D:15     | Reached skill level 15 in Fighting
 30975 | D:15     | Noticed Azrael
 30977 | D:15     | Found a staircase to the Depths.
 30997 | D:15     | Killed Azrael
 31508 | D:15     | Noticed Josephine
 31514 | D:15     | Killed Josephine
 31972 | Vaults:1 | Entered Level 1 of the Vaults
 32044 | Vaults:1 | Received a gift from Okawaru
 32195 | Vaults:1 | Received a gift from Okawaru
 32260 | Vaults:1 | Noticed Asterion
 32276 | Vaults:1 | Killed Asterion
 33165 | Vaults:1 | Received a gift from Okawaru
 33251 | Vaults:1 | Reached XP level 20. HP: 170/184 MP: 25/25
 33379 | Vaults:2 | Found a runed translucent gate.
 33380 | Vaults:2 | Found a runed translucent gate.
 33380 | Vaults:2 | Found a runed translucent gate.
 33380 | Vaults:2 | Noticed mantisjm's ghost (veteran HOFi)
 33952 | Vaults:2 | Noticed Jory
 33963 | Vaults:2 | Killed Jory
 34209 | Vaults:2 | Received a gift from Okawaru
 34694 | Vaults:3 | Received a gift from Okawaru
 34948 | Vaults:3 | Received a gift from Okawaru
 35046 | Vaults:3 | Received a gift from Okawaru
 35120 | Vaults:3 | Noticed Aizul
 35132 | Vaults:3 | Killed Aizul
 35133 | Vaults:3 | Reached XP level 21. HP: 174/192 MP: 20/26
 35200 | Vaults:3 | Found a staircase to the Crypt.
 35622 | Vaults:4 | Noticed Mara
 35625 | Vaults:4 | Noticed leviel's illusion
 35629 | Vaults:4 | Killed Mara
 36075 | Vaults:4 | Received a gift from Okawaru
 36099 | Vaults:4 | Identified the +1 dagger "Ezirph" {flame, Will+}
 36170 | Vaults:4 | Received a gift from Okawaru
 36270 | Vaults:4 | Found a ruined gateway.
 36313 | Vaults:4 | Received a gift from Okawaru
 36410 | Vaults:4 | Noticed Donald
 36421 | Vaults:4 | Killed Donald
 36979 | Vaults:4 | Acquired a manual of Evocations
 37017 | Vaults:5 | Entered Level 5 of the Vaults
 37024 | Vaults:5 | Identified the +6 flail of the Countless Knives {vorpal,
                  | rElec Str-5 Dex+4} (Okawaru gifted it to you on level 5 of
                  | the Vaults)
 37024 | Vaults:5 | Received a gift from Okawaru
 37077 | Vaults:5 | Received a gift from Okawaru
 37089 | Vaults:5 | Reached XP level 22. HP: 200/200 MP: 24/27
 37094 | Vaults:5 | Identified the +2 hand axe "Nieruash" {freeze, Str+2 Dex+6}
                  | (Okawaru gifted it to you on level 5 of the Vaults)
 37094 | Vaults:5 | Received a gift from Okawaru
 37326 | Vaults:5 | Identified the Reference Book on Attacks
 37360 | Vaults:5 | Received a gift from Okawaru
 37387 | Vaults:5 | Received a gift from Okawaru
 37553 | Vaults:5 | Noticed a dread lich
 37564 | Vaults:5 | Killed a dread lich
 37600 | Vaults:5 | Got a silver rune of Zot
 37610 | Vaults:5 | Noticed a dread lich
 37624 | Vaults:5 | Killed a dread lich
 37844 | Vaults:5 | Identified the +8 double sword of Tenacity {elec, rF+}
 38115 | Vaults:5 | Noticed a golden dragon
 38130 | Vaults:5 | Killed a golden dragon
 38130 | Vaults:5 | Received a gift from Okawaru
 38250 | Vaults:5 | Identified the Handbook of Fiery Hexes
 38622 | Crypt:1  | Entered Level 1 of the Crypt
 38648 | Crypt:1  | Reached skill level 27 in Shields
 38673 | Crypt:1  | Noticed Xtahua
 38682 | Crypt:1  | Killed Xtahua
 38697 | Crypt:1  | Reached XP level 23. HP: 207/207 MP: 22/28
 39020 | Crypt:1  | Noticed Margery
 39035 | Crypt:1  | Killed Margery
 39039 | Crypt:1  | Received a gift from Okawaru
 39536 | Crypt:3  | Entered Level 3 of the Crypt
 39766 | Crypt:3  | Identified the +5 ring mail of Xukatter {*Slow Regen+ rCorr
                  | Dex+3 Slay+2} (Okawaru gifted it to you on level 3 of the
                  | Crypt)
 39766 | Crypt:3  | Received a gift from Okawaru
 39768 | Crypt:3  | Found an ancient bone altar of Kikubaaqudgha.
 39925 | Crypt:3  | Reached skill level 10 in Invocations
 40049 | Crypt:3  | Found the +7 sceptre of Torment {pain, torment}
 40070 | Crypt:3  | Identified the ring of Oenomania {rElec Will+ Str+6}
 40156 | Crypt:3  | Found a staircase to the Tomb.
 40156 | Crypt:3  | Noticed an ancient lich
 40173 | Crypt:3  | Killed an ancient lich
 40753 | Depths:1 | Entered Level 1 of the Depths
 40801 | Depths:1 | Received a gift from Okawaru
 40844 | Depths:1 | Received a gift from Okawaru
 40907 | Depths:1 | Found a runed translucent gate.
 40907 | Depths:1 | Found a runed translucent gate.
 40907 | Depths:1 | Found a runed translucent gate.
 41054 | Depths:1 | Found a gateway to Hell.
 41133 | Depths:1 | Reached XP level 24. HP: 223/223 MP: 29/29
 41162 | Depths:1 | Received a gift from Okawaru
 41481 | Depths:1 | Reached skill level 15 in Evocations
 41487 | Depths:1 | Received a gift from Okawaru
 41679 | Depths:2 | Identified the +4 rapier "Uhoinoe" {holy, Str+5} (Okawaru
                  | gifted it to you on level 2 of the Depths)
 41679 | Depths:2 | Received a gift from Okawaru
 42019 | Depths:2 | Received a gift from Okawaru
 42159 | Depths:2 | Received a gift from Okawaru
 42291 | Depths:2 | Identified the +1 buckler of the Valley of Death {Drain
                  | rPois rN+ Int+7}
 42532 | Depths:2 | Identified the +1 scale mail "Wijiq" {rF+ Str-3 Dex+3}
                  | (Okawaru gifted it to you on level 2 of the Depths)
 42532 | Depths:2 | Received a gift from Okawaru
 42578 | Depths:2 | Identified the +0 helmet of Muobef {Harm *Corrode Regen+
                  | Dex-4}
 42583 | Depths:2 | Identified the Papyrus of Earthen Cold
 42943 | Depths:2 | Identified the +1 leather armour of Feasting {+Inv rElec
                  | rF- Str+3}
 42945 | Depths:2 | Identified the ring "Kosekor" {Fire Will+ Slay+3}
 43281 | Depths:3 | Reached XP level 25. HP: 189/245 MP: 29/29
 43452 | Depths:3 | Found a portal to a secret trove of treasure.
 43770 | Orc:2    | Bought a scroll of magic mapping for 49 gold pieces
 43770 | Orc:2    | Bought a scroll of fear for 49 gold pieces
 43770 | Orc:2    | Bought a scroll of enchant armour for 105 gold pieces
 43770 | Orc:2    | Bought a scroll of enchant armour for 105 gold pieces
 43771 | Orc:2    | Bought a scroll of enchant weapon for 120 gold pieces
 43771 | Orc:2    | Bought a scroll of fog for 32 gold pieces
 43771 | Orc:2    | Bought a scroll of fear for 56 gold pieces
 43771 | Orc:2    | Bought a scroll of silence for 120 gold pieces
 43771 | Orc:2    | Bought a scroll of fog for 32 gold pieces
 43771 | Orc:2    | Bought a scroll of holy word for 120 gold pieces
 43771 | Orc:2    | Bought a scroll of enchant armour for 120 gold pieces
 44356 | Depths:3 | You paid a toll of +2 fire dragon scales to enter a
                  | treasure trove
 44357 | Trove    | Entered a treasure trove
 44361 | Trove    | Found the +3 hat of Pondering {ponderous, Will+ MP+10
                  | Int+5}
 44363 | Trove    | Identified the +0 kite shield "Qeampac" {Contam rElec rPois
                  | rCorr}
 44365 | Trove    | Identified the +0 hat of Gozag's Favour {Int+6}
 44368 | Trove    | Identified the +2 hat of Incorporation {Rampage rF+ Str-3
                  | Dex+3}
 44380 | Trove    | Identified the +1 crystal plate armour of Lexiddo {rN+
                  | Slay+3}
 44417 | Depths:3 | Found a one-way gate leading to the halls of Pandemonium.
 44679 | Depths:3 | Found a one-way gate to the infinite horrors of the Abyss.
 44751 | Depths:4 | Noticed Mennas
 44770 | Depths:4 | Killed Mennas
 44780 | Depths:4 | Received a gift from Okawaru
 44797 | Depths:4 | Received a gift from Okawaru
 44955 | Depths:4 | Noticed a dread lich
 44956 | Depths:4 | Found a gateway to a ziggurat.
 44968 | Depths:4 | Killed a dread lich
 44968 | Depths:4 | Received a gift from Okawaru
 44982 | Zig:1    | Entered Level 1 of a ziggurat
 44982 | Zig:1    | Noticed Kuisuett the pandemonium lord
 44991 | Zig:1    | Killed Kuisuett the pandemonium lord
 44991 | Zig:1    | Received a gift from Okawaru
 45262 | Depths:4 | Received a gift from Okawaru
 45267 | Depths:4 | Found Pistry's Magic Scroll Boutique.
 45867 | Depths:4 | Noticed a royal mummy
 45880 | Depths:4 | Killed a royal mummy
 46021 | Depths:5 | Entered Level 5 of the Depths
 46180 | Depths:5 | Found a gate to the Realm of Zot.
 46225 | Zot:1    | Entered Level 1 of the Realm of Zot
 46308 | Zot:2    | Reached skill level 27 in Fighting
 46322 | Zot:2    | Received a gift from Okawaru
 46333 | Zot:2    | Reached XP level 26. HP: 225/266 MP: 26/29
 46435 | Zot:2    | Acquired 389 gold pieces
 46436 | Zot:2    | Acquired 975 gold pieces
 46460 | Zot:2    | Identified the +3 scimitar of Watchfulness {freeze, rN+}
 46501 | Zot:2    | Identified the +10 broad axe "Hoitwuim" {vamp, rElec rF++
                  | Str+2 Dex-3}
 46863 | Zot:2    | Received a gift from Okawaru
 47194 | Zot:2    | Reached skill level 15 in Armour
 47203 | Zot:2    | Found the +9 scales of the Dragon King {rPois rF+ rC+
                  | Will+}
 47534 | Zot:5    | Entered Level 5 of the Realm of Zot
 47555 | Zot:5    | Received a gift from Okawaru
 47766 | Zot:5    | Received a gift from Okawaru
 47767 | Zot:5    | Found the +3 crown of Dyrovepreva {rElec Int+2 SInv}
 47784 | Zot:5    | Reached skill level 15 in Dodging
 47793 | Zot:5    | Noticed an ancient lich
 47801 | Zot:5    | Killed an ancient lich
 47816 | Zot:5    | Noticed an ancient lich
 47968 | Zot:5    | Noticed an orb of fire
 47981 | Zot:5    | Killed an orb of fire
 48029 | Zot:5    | Noticed an orb of fire
 48041 | Zot:5    | Gained mutation: You are clumsy. (Dex -2) [an orb of fire]
 48041 | Zot:5    | Gained mutation: Your body sometimes deteriorates upon
                  | taking damage. [an orb of fire]
 48042 | Zot:5    | Gained mutation: You occasionally shout uncontrollably at
                  | your foes. [an orb of fire]
 48045 | Zot:5    | Gained mutation: You are very clumsy. (Dex -4) [an orb of
                  | fire]
 48047 | Zot:5    | Killed an orb of fire
 48074 | Zot:5    | Killed an ancient lich
 48246 | Zot:5    | Received a gift from Okawaru
 48247 | Zot:5    | Reached XP level 27. HP: 273/273 MP: 29/29
 48309 | Zot:5    | Got the Orb of Zot
 48320 | Zot:5    | Noticed Ynkaih Vupt the pandemonium lord
 48333 | Zot:5    | Killed Ynkaih Vupt the pandemonium lord
 48392 | Zot:5    | Noticed Dish the pandemonium lord
 48740 | D:15     | Received a gift from Okawaru
 48935 | D:8      | Noticed Miha the pandemonium lord
 48966 | D:8      | Killed Miha the pandemonium lord
 49164 | D:$      | Escaped with the Orb!

Illustrated notes

Levels and vault maps discovered:
D:1:      dpeg_arrival_rooms_with_view, layout_basic, serial_shops,
          nicolae_shop_waterfront, nicolae_shop_trees, shop_fountains,
          ebering_ecumenical_altar_box, minmay_tromino_i4
D:2:      wad_river_or_something, layout_rooms, hex_large, uniq_sigmund
D:3:      layout_loops_ring, good_gods_temple_1, vehumet_altar_wand_db,
          minmay_misc_feat_alley, chequers_decorated_corner, uniq_robin
D:4:      layout_loops_cross
D:5:      layout_loops_ring, kennysheep_little_box,
          gammafunk_temple_overflow_wave, roderic_lattice_a, minivault_26,
          uniq_grinder
D:6:      layout_basic, temple_pool_b
D:7:      layout_rooms, jmf_multi_god_temple2,
          nicolae_ru_great_annihilating_truth, nicolae_overflow_hidden_temple
D:8:      layout_basic, enter_bailey_2
D:9:      layout_loops_ring, marbit_many_paths,
          lemuel_mausoleum_altar_yredelemnul, serial_shops, nicolae_shop_trees
D:10:     layout_basic, fedhas_altar_3, dpeg_oklobed_lair, david_orc_3
D:11:     layout_long_grid, uniq_grum
D:12:     layout_roguey, ebering_ghost_funeral_grove,
          portal_ice_cave_demonic_guard
D:13:     layout_loops_ring, special_room [special_room_orc],
          hellmonk_ghost_happy_afterlife, uniq_maurice
D:14:     layout_long_grid, david_vaults_3, serial_park_gazebo
          [serial_park_minivault_5x5_3], minmay_crystal_water,
          okawaru_altar_gauntlet_db
D:15:     hangedman_depths_entry_civil_slaughter, layout_basic,
          minmay_misc_feat_hallway, uniq_josephine, uniq_azrael
Lair:1:   layout_gridlike, grunt_forest_stairs_basic,
          chequers_serial_rivers_micro_e
Lair:2:   beast_lair_carwin_large_2, layout_gridlike,
          cheibrodos_lair_reptile_den
Lair:3:   layout_chaotic_city, shoals_dummy_entry, spider_nest_entry_webs,
          beast_lair_carwin_7
Lair:4:   layout_hall_layers, nzn_masters_of_martial_movement,
          grunt_megastairs_4, infiniplex_staircase_pool
Lair:5:   layout_hall_layers, special_room [special_room_bee],
          grunt_megastairs_2, uniq_urug
Lair:6:   minmay_lair_end_frog_pond, layout_long_grid, slime_altar_1,
          bh_autumn_forest_stairs, minmay_lair_oklob_chamber
Shoals:1: layout_shoals, ebering_ghost_xom, uniq_roxanne
Shoals:2: layout_shoals, uniq_ilsuiw, uniq_polyphemus
Shoals:3: layout_shoals, serial_shops, nicolae_shop_behind_doors
Shoals:4: shoals_end_grunt_ice, layout_shoals, serial_shops, shop,
          nicolae_shop_waterfront, shop, shop_statue, shop,
          nzn_prometheus_bound, uniq_bai_suzhen
Spider:1: layout_spider_delve, hangedman_spider_tarantella_strand
Spider:2: layout_spider_delve, ebering_ghost_xom, guppyfry_spider_mini_2,
          uniq_louise
Spider:3: layout_spider_delve
Spider:4: grunt_spider_rune_circles, nicolae_spider_not_touching_you,
          uniq_nikola
Orc:1:    layout_diamond_mine, uniq_gastronok
Orc:2:    st_orc_pillars, layout_diamond_mine, sword_in_stone
Elf:1:    layout_geoelf_diagonals, hangedman_elf_represent
Vaults:1: hangedman_vaults_slither, ontoclasm_vaults_chip,
          ontoclasm_vaults_spin, nicolae_vaults_little_squares_3,
          ontoclasm_vaults_idyll, vaults_room_corners, ontoclasm_vaults_hangar,
          grunt_vaults_focal, vaults_mumra_minichess, layout_vaults_quadrants,
          uniq_asterion
Vaults:2: gammafunk_vaults_ghost_spectres, vaults_dpeg_doors, v_misc_8,
          ontoclasm_vaults_hangar, ontoclasm_vaults_twist, v_misc_3,
          v_alt_pattern_4, vaults_standard_mumra_x, vaults_standard_mumra_lines,
          layout_vaults_ring, uniq_jory
Vaults:3: v_pattern_4, v_misc_2, minmay_crypt_entry_simple_sparse, v_misc_9,
          nicolae_vaults_gold_heap, grunt_vaults_twisty, hangedman_vaults_snaps,
          vaults_standard_mumra_enter_the_diamond, v_misc_22,
          hangedman_vaults_stretched_pinwheel, v_misc_16, layout_vaults_maze,
          uniq_aizul
Vaults:4: grunt_vaults_hallway_long, serial_ice_b, grunt_vaults_bifocal,
          hangedman_vaults_corner_blocks, ontoclasm_vaults_ring_large,
          vaults_mumra_hexcomb, dpeg_vaults_monster_box,
          nicolae_vaults_branching_niches, v_pattern_2,
          layout_vaults_chaotic_city, portal_desolation_entry_nicolae_nacl,
          uniq_donald, uniq_mara
Vaults:5
Crypt:1:  layout_chaotic_city, st_stairs_5, nicolae_crypt_soggy_tomb,
          corner_web_ring, grunt_crypt_arrival_guarded_gate,
          roderic_lattice_octagonal_star, uniq_xtahua, uniq_margery
Crypt:2:  layout_gridlike, special_room [special_room_morgue],
          wad_floor_pattern_untrapped, lemuel_upstairs_altar,
          grunt_megastairs_3, lemuel_elevator, uniq_saint_roka
Crypt:3:  grunt_crypt_end_deaths_head
Depths:1: layout_basic, hell_entry, corexii_corridor_pit, pandoras_box_mu,
          serial_bayou_shore_a, kennysheep_random_hallway
Depths:2: hangedman_pleasuredromes, hell_entry
Depths:3: minmay_spriggan_fort, layout_cave_pools, marbit_kobold_abyss_entry,
          fountainhead, nicolae_trove_entry_crystal, hell_entry, pan_entry
Depths:4: ragdoll_tomb_raider, layout_gridlike, enter_ziggurat_d, serial_shops,
          nicolae_shop_stone, pf_hell_entry_tar_river,
          chequers_serial_rivers_small_b, abyss_entry,
          infiniplex_staircase_pool_2, uniq_mennas
Depths:5: grunt_zot_entry_funnels, layout_honeycomb, lightli_too_deep,
          hangedman_abyss_or_decor_lesser_grid, serial_bayou_shore_b
Zot:1:    layout_onion_interference, zot_minivault_4
Zot:2:    gammafunk_mikee_crab_dinner, layout_misc_corridors,
          st_single_dragon_hoard_2
Zot:3:    layout_gridlike, hangedman_zot_decor_scrapings
Zot:4:    kennysheep_ambush_hall, layout_misc_corridors
Zot:5:    layout_gridlike, st_stairs_3

Skill      XL: |  1  2  3  4  5  6  7  8  9 10 11 12 13 14 15 16 17 18 19 20 21 22 23 24 25 26 27 |
---------------+----------------------------------------------------------------------------------+-----
Axes           | 3 6 7 9 11 13 16 17 18 | 18.0
Shields        | 12 13 14 15 16 21 24 27 | 27.0
Fighting       | 10 12 14 17 19 23 27 | 27.0
Armour         | 7 9 11 12 13 17 19 | 19.0
Invocations    | 5 8 10 | 10.0
Evocations     | 7 10 14 15 | 15.0
Dodging        | 10 12 13 16 17 | 17.9
Throwing       | 10 15 16 | 16.0

Action                   |  1- 3 |  4- 6 |  7- 9 | 10-12 | 13-15 | 16-18 | 19-21 | 22-24 | 25-27 || total
-------------------------+-------+-------+-------+-------+-------+-------+-------+-------+-------++-------
Melee: War axe           |    39 |   148 |   290 |   325 |       |       |       |       |       ||   802
       Headbutt          |     3 |    23 |    67 |   129 |   187 |   365 |   425 |   468 |   335 ||  2002
       Hand axe          |       |       |       |   100 |       |       |       |       |       ||   100
       Broad axe         |       |       |       |    46 |   773 |  1350 |  1260 |  1412 |   933 ||  5774
Throw: Javelin           |       |       |       |       |       |    17 |    25 |     6 |     6 ||    54
Invok: Heroism           |       |       |     2 |       |     8 |     9 |     9 |    11 |     3 ||    42
       Finesse           |       |       |       |       |     6 |     8 |     9 |    11 |     5 ||    39
Evoke: Wand              |       |       |     4 |       |     3 |    23 |       |       |     1 ||    31
  Use: Scroll            |     3 |     2 |    13 |     2 |     7 |     9 |     2 |     7 |    18 ||    63
       Potion            |     1 |       |     3 |     5 |     2 |       |     1 |     4 |     4 ||    20
 Stab: Paralysed         |       |       |     1 |       |       |       |       |       |       ||     1
Armor: Scale mail        |    12 |    73 |    32 |       |       |       |       |       |       ||   117
       Crystal plate arm |       |       |   231 |   146 |   211 |       |       |       |       ||   588
       Plate armour      |       |       |       |       |    96 |   747 |   313 |   359 |   181 ||  1696
       Gold dragon scale |       |       |       |       |       |       |       |       |    81 ||    81
Dodge: Dodged            |     9 |    51 |    63 |    46 |   134 |   414 |   257 |   272 |   167 ||  1413
Block: Kite shield       |    15 |    65 |   208 |   291 |   675 |  1239 |   265 |       |       ||  2758
       Reflection        |       |       |       |    19 |     9 |    37 |    78 |    46 |    18 ||   207
       Tower shield      |       |       |       |       |       |       |   944 |  1614 |  1120 ||  3678

Table legend: (Time is in decaauts)
 A = Elapsed time spent in this place.
 B = Non-inter-level travel time spent in this place.
 C = Inter-level travel time spent in this place.
 D = Time resting spent in this place.
 E = Time spent auto-exploring this place.
 F = Levels seen in this place.
 G = Mean time per level.
                   A        B        C        D        E       F      G
               +--------+--------+--------+--------+--------+-----+--------+
         Total |  47303 |  41875 |   5428 |   3398 |  27657 |  53 |  892.5 |
       Dungeon |  16490 |  13268 |   3222 |   1242 |   9897 |  15 | 1099.3 |
          Lair |   5417 |   4970 |    447 |    204 |   3927 |   6 |  902.8 |
        Shoals |   3272 |   3108 |    164 |      0 |   2373 |   4 |  818.0 |
   Spider Nest |   4329 |   4139 |    190 |    669 |   2535 |   4 | 1082.2 |
  Orcish Mines |   1608 |   1285 |    323 |    130 |    677 |   2 |  804.0 |
   Elven Halls |    328 |    328 |      0 |      0 |    177 |   1 |  328.0 |
        Vaults |   6322 |   5910 |    412 |      6 |   3964 |   5 | 1264.4 |
         Crypt |   1794 |   1721 |     73 |      0 |   1070 |   3 |  598.0 |
        Depths |   4558 |   4011 |    547 |    421 |   2330 |   5 |  911.6 |
           Zot |   2093 |   2047 |     46 |    405 |    468 |   5 |  418.6 |
      Ziggurat |     20 |     20 |      0 |      0 |      0 |   1 |   20.0 |
         Trove |     29 |     29 |      0 |      0 |      3 |   1 |   29.0 |
        Bailey |   1038 |   1038 |      0 |    320 |    233 |   1 | 1038.0 |
               +--------+--------+--------+--------+--------+-----+--------+

Top non-repeatable levels by time:
     D:5: 1662 daAuts
Spider:4: 1557 daAuts
    D:13: 1454 daAuts
Vaults:4: 1435 daAuts
     D:2: 1419 daAuts
Vaults:5: 1358 daAuts
    D:15: 1324 daAuts
Vaults:1: 1318 daAuts
Depths:4: 1237 daAuts
  Lair:6: 1224 daAuts
     D:3: 1207 daAuts
    D:12: 1179 daAuts
Vaults:3: 1157 daAuts
Depths:1: 1142 daAuts
  Lair:2: 1122 daAuts
